 Dungeon Crawl Stone Soup version 0.16.2-12-gd0ad4c3 (webtiles) character file.

18515 magipi the Pandemonic (level 12, 0/101 HPs)
             Began as a Ghoul Gladiator on Dec 1, 2015.
             Was a High Priest of Makhleb.
             Killed from afar by an ice dragon (17 damage)
             ... with a blast of cold
             ... in an ice cave.
             The game lasted 01:20:18 (10569 turns).

magipi the Pandemonic (Ghoul Gladiator)            Turns: 10569, Time: 01:20:18

Health: 0/101      AC: 20    Str: 20    XL:     12   Next: 59%
Magic:  25/25      EV:  9    Int:  5    God:    Makhleb [*****.]
Gold:   476        SH:  0    Dex: 14    Spells: 0 memorised, 11 levels left

rFire  . . .     SeeInvis +     a - +1 battleaxe
rCold  + . .     Clarity  +     r - +2 chain mail {MR+}
rNeg   + + +     SustAb   .     (no shield)
rPois  ∞         Gourm    .     c - +1 helmet
rElec  .         Spirit   .     v - +2 cloak {+Inv}
rCorr  .         Warding  .     (no gloves)
rMut   .         Stasis   .     w - +1 pair of boots
MR     +....                    A - amulet of clarity
Stlth  ..........               i - ring of see invisible
                                D - +3 ring of dexterity

@: rotting, somewhat resistant to hostile enchantments, extremely unstealthy
A: rotting body, claws 1, carnivore 3, cold resistance 1, negative energy
resistance 3, poison resistance, slow healing 1, torment resistance, unbreathing
a: Minor Destruction, Lesser Servant of Makhleb, Major Destruction, Greater
Servant of Makhleb, Renounce Religion, Evoke Invisibility


You were in an ice cave.
You worshipped Makhleb.
Makhleb was extremely pleased with you.
You were not hungry.

You visited 3 branches of the dungeon, and saw 15 of its levels.
You also visited: Ice Cave.

You collected 867 gold pieces.
You spent 391 gold pieces at shops.

Inventory:

Hand weapons
 a - a +1 battleaxe (weapon)
 b - a +0 blowgun
Missiles
 g - a tomahawk (quivered)
 n - 6 curare-tipped needles
 F - 5 poisoned needles
Armour
 c - a +1 helmet (worn)
 d - a steam dragon hide
 r - a +2 chain mail of magic resistance (worn)
 v - a +2 cloak of invisibility (worn)
 w - a +1 pair of boots (worn)
Jewellery
 f - an uncursed ring of fire
 i - a ring of see invisible (right claw)
 A - an amulet of clarity (around neck)
 D - a +3 ring of dexterity (left claw)
Magical devices
 t - a wand of fireball (3)
 x - a wand of cold (2)
 z - a wand of disintegration (7)
 G - a wand of digging (14)
 J - a wand of confusion (11)
 P - a wand of digging (14)
Scrolls
 e - 3 scrolls of recharging
 p - a scroll of fear
 C - 3 scrolls of remove curse
 E - 2 scrolls of fog
 I - a scroll of enchant armour
Potions
 h - a potion of beneficial mutation {unknown}
 j - a potion of poison {unknown}
 k - a potion of resistance
 m - 3 potions of curing
 o - a potion of heal wounds
 s - a potion of might {unknown}
 B - a potion of cure mutation {unknown}
 K - a potion of restore abilities {unknown}
 O - 2 potions of flight
Books
 u - a book of Control

   Spells                             Type                      Level
   a - Control Teleport               Charms/Translocation         4
   b - Control Undead                 Necromancy                   4
   c - Enslavement                    Hexes                        4
   d - Metabolic Englaciation         Hexes/Ice                    5
   e - Mass Confusion                 Hexes                        6
 L - a book of Battle

   Spells                             Type                      Level
   a - Infusion                       Charms                       1
   b - Shroud of Golubria             Charms/Translocation         2
   c - Song of Slaying                Charms                       2
   d - Spectral Weapon                Hexes/Charms                 3
   e - Regeneration                   Charms/Necromancy            3
Comestibles
 l - 5 meat rations


   Skills:
 - Level 8.0 Fighting
 - Level 10.0 Axes
 - Level 2.1 Throwing
 - Level 6.3 Armour
 - Level 2.6 Dodging
 + Level 11.2 Invocations
 + Level 10.2 Evocations


You had 11 spell levels left.
You didn't know any spells.

Dungeon Overview and Level Annotations

Branches:
Dungeon (13/15)            Temple (1/1) D:5            Lair (0/8) D:11
    Orc (1/4) D:9
 Vaults: D:13-14

Altars:
Ashenzari
Cheibriados
Dithmenos
Fedhas
Gozag
Kikubaaqudgha
Makhleb
Nemelex Xobeh
Okawaru
Ru
Trog
Vehumet
Xom
Yredelemnul
Zin
The Shining One

Shops:
D:9 [   D:11 [

Annotations:
D:8 gdami1's ghost, experienced DEFE
Orc:1 Joseph


Innate Abilities, Weirdness & Mutations

Your body is rotting away.
You thrive on raw meat.
You have sharp fingernails.
You are carnivorous and can eat meat at any time.
Your flesh is cold resistant.
You are immune to negative energy.
Your system is resistant to poisons.
You heal slowly when monsters are visible.
You are immune to unholy pain and torment.
You can survive without breathing.

Vault maps used:
D:1:      mrwooster_arrival_arrow, minmay_crystal_room, minmay_misc_feat_iff,
          minmay_misc_feat_alley
D:2:      nicolae_overflow_hidden_temple, first_bread, uniq_jessica
D:3:      nicolae_dithmenos_shadow_blocks, tgw_sif, minivault_24, fedhas_altar_1
D:4:      old_standard_altar, kennysheep_mini, uniq_pikel,
          uniq_crazy_yiuf_cottage
D:5:      minmay_temple_entry_junction2, minmay_door_square,
          minmay_gold_behind_fungi
D:6:      lemuel_doored_altar, lemuel_zombie_altar_kikubaaqudgha,
          lightli_temple_of_fire, lemuel_round_altar, st_stairs_13,
          uniq_prince_ribbit1
D:8:      elyvilon_altar_5, nicolae_qazlal_general_emergency
D:9:      david_orc_4, serial_shops, nicolae_shop_waterfront
D:10:     hangedman_screamer, uniq_grum, uniq_maurice
D:11:     dpeg_oklobed_lair, serial_shops, shop, serial_bayou_pond_a,
          hangedman_tell_no_tales, hive_lemuel
D:12:     basic_altar
D:13:     portal_ice_cave_entry_ice_statue_01
Temple:   jpeg_temple_alley_garden_8
Orc:1:    serial_shops, nicolae_shop_trees, uniq_joseph
IceCv:    ice_cave_small_dragons


Message History

The ice beast is heavily wounded.
The ice beast hits you but does no damage.
You hit the ice beast.
The ice beast is heavily wounded.
The ice beast hits you. The ice beast freezes you. You resist.
You closely miss the ice beast.
The ice beast is heavily wounded.
The ice beast barely misses you.
You hit the ice beast.
The ice beast is heavily wounded.
The ice beast hits you but does no damage.
You slice the ice beast!!
You kill the ice beast!
Makhleb accepts your kill.
You hit the ice beast but do no damage. The ice beast barely misses you.
The ice beast hits you but does no damage.
You slice the ice beast!!
The ice beast is almost dead.
The ice beast hits you but does no damage.
You slash the ice beast!
You kill the ice beast!
Makhleb accepts your kill. 2 ice dragons come into view.
Found 50 gold pieces.
Use which ability? (? or * to list)
A demon appears!
You feel somewhat more hungry.
Use which ability? (? or * to list)
A demon appears!
You feel somewhat more hungry. The ice dragon breathes frost at you.
The blast of cold hits you! You resist.
* * * LOW HITPOINT WARNING * * *
Unknown command.
The ice dragon breathes frost at you. The blast of cold hits you! You resist.
* * * LOW HITPOINT WARNING * * *
Your green death hits the ice dragon!! x2
The ice dragon bites your green death. The ice dragon claws your green death!
The ice dragon completely misses your green death.
Your green death hits the ice dragon.
Your green death barely misses the ice dragon.
The ice dragon bites your green death! The ice dragon claws your green death!
The ice dragon completely misses your green death.
The ice dragon bites your green death! The ice dragon claws your green death.
The ice dragon tramples your green death!
Your green death holds its ground!
Drink which item? (? for menu, Esc to quit)
You feel much better.
Your green death hits the ice dragon!
Your green death hits the ice dragon.
The ice dragon bites your green death! The ice dragon claws your green death.
The ice dragon tramples your green death!
Your green death stumbles backwards!
The ice dragon bites your green death! The ice dragon claws your green death.
The ice dragon tramples your green death!
Your green death holds its ground!
Your green death hits the ice dragon! x2
The ice dragon closely misses your green death.
The ice dragon claws your green death.
The ice dragon tramples your green death.
Your green death holds its ground!
The ice dragon bites your green death.
The ice dragon barely misses your green death.
The ice dragon tramples your green death.
Your green death stumbles backwards!
Your green death barely misses the ice dragon.
Your green death hits the ice dragon but does no damage.
The ice dragon bites your green death!
Your green death dies!
The ice dragon breathes frost at your green death.
The blast of cold hits your green death.
Your green death dies!
Use which ability? (? or * to list)
A demon appears!
You feel somewhat more hungry.
Unknown command.
What do you say? t - Shout!
Orders for allies: a - Attack new target. r - Retreat! s - Stop attacking. w - Wait here. f - Follow me.
Anything else - Stay silent.
Gang up on whom?
Press: ? - help, Dir - move target cursor, f - ice dragon
Aim: an ice dragon (almost dead, catching its breath) Attack!
The ice dragon breathes frost at your balrug.
The blast of cold hits your balrug.
Your balrug is frozen!
The blast of cold hits you! You resist.
* * * LOW HITPOINT WARNING * * *
Drink which item? (? for menu, Esc to quit)
You feel much better.
Unknown command.
Unknown command.
The ice dragon breathes frost at you. The blast of cold hits you! You resist.
* * * LOW HITPOINT WARNING * * *
Unknown command.
Use which ability? (? or * to list)
A demon appears!
You feel somewhat more hungry. The ice dragon breathes frost at you.
The blast of cold hits you! You resist.
You die...

#..#
##..###
##..#
##.#.#
##..##
#..###
###..##
##.##
#...##
##..#
###.###
#..##
##.#..#
##..#
#..##.##
##.##
#...#@.#
#.#.#
##.#.D2##
##.##
#..#####
#..#
#.D.#
##.## #
#D.##
#..# #
#.## #.##
# #..#
#..##
#..D.
#.#.#
##....$
##.##


You could see an ice dragon and a friendly green death.

Table legend:
 A = Kills in this place as a percentage of kills in entire the game.
 B = Kills by you in this place as a percentage of kills by you in the entire game.
 C = Kills by friends in this place as a percentage of kills by friends in the entire game.
 D = Other kills in this place as a percentage of other kills in the entire game.
 E = Experience gained in this place as a percentage of experience gained in the entire game.
 F = Experience gained in this place divided by the number of levels of this place that you have seen.
                   A       B       C       D       E      F
               +-------+-------+-------+-------+-------+----------------------
         Total | 100.0 | 100.0 | 100.0 |  -nan | 100.0 | 1653.2
       Dungeon |  95.6 |  95.4 | 100.0 |  -nan |  87.2 | 1774.3
      Ice Cave |   4.4 |   4.6 |   0.0 |  -nan |  12.8 | 3385.0
               +-------+-------+-------+-------+-------+----------------------

Vanquished Creatures
  A skeletal warrior (D:10)
  4 hill giants
  3 ice statues
  Pikel (D:4)
  2 ugly things
  A cyclops (D:12)
  Maurice (D:10)
  A gargoyle (D:11)
  2 centaur zombies
  A komodo dragon (D:11)
  Prince Ribbit (D:6)
  A wraith (D:11)
  A shadow (D:11)
  2 flying skulls (D:10)
  A steam dragon (D:9)
  Grum (D:10)
  A hungry ghost (D:11)
  7 yaks
  4 wolves (D:10)
  2 hippogriffs (D:11)
  2 water moccasins
  7 orc warriors
  A black bear (D:9)
  2 eyes of draining
  4 sky beasts
  3 centaurs
  25 ice beasts
  6 ogres
  9 necrophages
  2 wasps
  4 giant frogs
  3 wyvern zombies (D:10)
  A scorpion (D:5)
  A troll skeleton (D:11)
  A quasit (D:12)
  8 wights
  2 goliath beetles
  4 hounds
  4 crimson imps
  A giant frog zombie (D:11)
  6 centaur skeletons
  2 jellies
  Crazy Yiuf (D:4)
  6 giant frog skeletons
  4 iguanas
  12 orc priests
  10 orc wizards
  13 worker ants
  Jessica (D:2)
  3 hound zombies
  A hound skeleton (D:10)
  A worker ant zombie (D:10)
  8 adders
  4 shadow imps
  3 giant mites
  2 worms
  2 adder zombies (D:9)
  3 adder skeletons
  8 giant geckos
  2 oozes (D:4)
  50 orcs
  3 bat skeletons
  2 bat zombies
  7 giant cockroaches
  5 goblins
  13 hobgoblins
  16 jackals
  13 kobolds
  6 quokkas
  A ball python (D:3)
  15 bats
  A giant cockroach zombie (D:5)
  A giant gecko skeleton (D:5)
  11 giant newts
  A jackal skeleton (D:5)
  A quokka zombie (D:5)
  13 rats
  3 rat zombies (D:6)
  A fungus (D:5)
383 creatures vanquished.

Vanquished Creatures (collateral kills)
  An oklob plant (D:11)
  A centaur zombie (D:11)
  4 yaks (D:11)
  An orc warrior (D:11)
  A crimson imp (D:11)
  An orc priest (D:11)
  An orc wizard (D:11)
  A mummy (D:11)
  3 orcs (D:11)
  A plant (D:11)
15 creatures vanquished.

Vanquished Creatures (others)
  A balrug (IceCv)
  2 green deaths (IceCv)
  A bat skeleton (D:4)
4 creatures vanquished.

Grand Total: 402 creatures vanquished

Notes
Turn   | Place    | Note
--------------------------------------------------------------
     0 | D:1      | magipi, the Ghoul Gladiator, began the quest for the Orb.
     0 | D:1      | Reached XP level 1. HP: 17/17 MP: 1/1
   122 | D:1      | Reached XP level 2. HP: 18/24 MP: 2/2
   200 | D:1      | Reached skill level 3 in Axes
   674 | D:2      | Reached XP level 3. HP: 9/29 MP: 3/3
   998 | D:2      | Reached skill level 4 in Axes
  1059 | D:2      | Noticed Jessica
  1078 | D:2      | Killed Jessica
  1078 | D:2      | Reached XP level 4. HP: 29/36 MP: 3/3
  1127 | D:2      | Found a radiant altar of Vehumet.
  1486 | D:3      | Found a shadowy altar of Dithmenos.
  1648 | D:3      | Reached XP level 5. HP: 41/41 MP: 4/4
  1691 | D:3      | Reached skill level 5 in Axes
  1703 | D:3      | Found a blossoming altar of Fedhas.
  1995 | D:4      | Found a basalt altar of Yredelemnul.
  2085 | D:4      | Reached XP level 6. HP: 29/47 MP: 5/5
  2260 | D:4      | Noticed an ogre
  2283 | D:4      | Reached skill level 6 in Axes
  2284 | D:4      | Killed an ogre
  2454 | D:4      | Noticed a slave
  2607 | D:4      | Noticed Pikel
  2619 | D:4      | Noticed a slave
  2623 | D:4      | Noticed a slave
  2631 | D:4      | Noticed a slave
  2636 | D:4      | Killed Pikel
  2636 | D:4      | Reached skill level 8 in Axes
  2636 | D:4      | Reached XP level 7. HP: 54/54 MP: 5/5
  2636 | D:4      | Reached XP level 8. HP: 60/60 MP: 6/6
  2696 | D:4      | Found a sacrificial altar of Ru.
  2697 | D:4      | Noticed an ogre
  2733 | D:4      | Killed an ogre
  2829 | D:4      | Noticed Crazy Yiuf
  2838 | D:4      | Killed Crazy Yiuf
  3019 | D:5      | Entered Level 5 of the Dungeon
  3042 | D:5      | Reached skill level 9 in Axes
  3050 | D:5      | Found a staircase to the Ecumenical Temple.
  3072 | Temple   | Entered the Ecumenical Temple
  3128 | Temple   | Became a worshipper of Makhleb the Destroyer
  3489 | D:5      | Reached skill level 10 in Axes
  3617 | D:5      | Acquired Makhleb's first power
  3976 | D:6      | Reached skill level 1 in Armour
  4138 | D:6      | Reached XP level 9. HP: 46/70 MP: 7/7
  4426 | D:6      | Found an ancient bone altar of Kikubaaqudgha.
  4452 | D:6      | Found a sparkling altar of Nemelex Xobeh.
  4506 | D:6      | Acquired Makhleb's second power
  4506 | D:6      | Reached skill level 5 in Fighting
  4549 | D:6      | Found a glowing silver altar of Zin.
  4646 | D:6      | Noticed Prince Ribbit
  4651 | D:6      | Killed Prince Ribbit
  4661 | D:6      | Found a bloodstained altar of Trog.
  5092 | D:7      | You fall through a shaft!
  5257 | D:7      | Acquired Makhleb's third power
  5560 | D:8      | Noticed gdami1's ghost (experienced DEFE)
  5638 | D:7      | Reached skill level 5 in Armour
  5913 | D:9      | Reached XP level 10. HP: 70/86 MP: 7/7
  6077 | D:9      | Found Crovoizo's Armour Shoppe.
  6089 | D:9      | Bought a +2 chain mail of magic resistance for 279 gold pieces
  6225 | D:9      | Acquired Makhleb's fourth power
  6717 | D:9      | Found a staircase to the Orcish Mines.
  6740 | Orc:1    | Entered Level 1 of the Orcish Mines
  6740 | Orc:1    | Noticed Joseph
  6867 | D:9      | Reached skill level 1 in Invocations
  6867 | D:9      | Reached skill level 1 in Evocations
  7215 | D:10     | Entered Level 10 of the Dungeon
  7399 | D:10     | Noticed Maurice
  7402 | D:10     | Killed Maurice
  7429 | D:10     | Acquired Makhleb's fifth power
  7450 | D:10     | Got a scorched cloak
  7466 | D:10     | Identified the +1 cloak "Ehonid" {rF- MR+ Int-3 Dex+7} (You found it on level 10 of the Dungeon)
  7620 | D:10     | Noticed Grum
  7636 | D:10     | Killed Grum
  7663 | D:10     | Noticed a hill giant
  7697 | D:10     | Killed a hill giant
  7697 | D:10     | Reached skill level 5 in Invocations
  7697 | D:10     | Reached skill level 5 in Evocations
  7801 | D:10     | Reached XP level 11. HP: 90/93 MP: 18/18
  7909 | D:10     | Noticed a skeletal warrior
  7929 | D:10     | Killed a skeletal warrior
  8049 | D:10     | Noticed a skeletal warrior
  8494 | D:10     | Noticed a hill giant
  8504 | D:10     | Killed a hill giant
  8618 | D:11     | Noticed a hill giant
  8675 | D:11     | Killed a hill giant
  8985 | D:11     | Noticed a hill giant
  8996 | D:11     | Killed a hill giant
  9056 | D:11     | Found a runed door.
  9095 | D:11     | Reached XP level 12. HP: 96/101 MP: 24/24
  9109 | D:11     | Found a staircase to the Lair.
  9338 | D:11     | Found Ulaso's Antique Armour Shoppe.
  9346 | D:11     | Bought an embroidered hat for 112 gold pieces
  9533 | D:12     | Reached skill level 10 in Invocations
  9611 | D:12     | Found a burning altar of Makhleb.
 10174 | D:13     | Found a frozen archway.
 10196 | IceCv    | Entered an ice cave
 10476 | IceCv    | Reached skill level 11 in Invocations
 10476 | IceCv    | Reached skill level 10 in Evocations
 10541 | IceCv    | Noticed an ice dragon
 10541 | IceCv    | Noticed an ice dragon
 10569 | IceCv    | Killed from afar by an ice dragon

Action                   |  1- 3 |  4- 6 |  7- 9 | 10-12 || total
-------------------------+-------+-------+-------+-------++-------
Melee: War axe           |   130 |   196 |   387 |   191 ||   904
       Battleaxe         |       |       |       |   636 ||   636
 Fire: Blowgun           |       |    11 |    42 |    24 ||    77
Throw: Throwing net      |     1 |       |     5 |     2 ||     8
Invok: Greater Servant o |       |       |       |     5 ||     5
Evoke: Wand              |       |       |     2 |     8 ||    10
  Use: Scroll            |       |     7 |    15 |     9 ||    31
       Potion            |       |     1 |       |     4 ||     5
 Stab: Held in net/web   |       |       |       |     1 ||     1
  Eat: Chunk             |    19 |    39 |    31 |    74 ||   163
       Royal jelly       |       |       |     1 |       ||     1
       Pizza             |       |       |     1 |       ||     1
       Beef jerky        |       |       |       |     2 ||     2

Action                   |  1- 3 |  4- 6 |  7- 9 | 10-12 || total
-------------------------+-------+-------+-------+-------++-------
Melee: War axe           |   130 |   196 |   387 |   191 ||   904
       Battleaxe         |       |       |       |   636 ||   636
 Fire: Blowgun           |       |    11 |    42 |    24 ||    77
Throw: Throwing net      |     1 |       |     5 |     2 ||     8
Invok: Greater Servant o |       |       |       |     5 ||     5
Evoke: Wand              |       |       |     2 |     8 ||    10
  Use: Scroll            |       |     7 |    15 |     9 ||    31
       Potion            |       |     1 |       |     4 ||     5
 Stab: Held in net/web   |       |       |       |     1 ||     1
  Eat: Chunk             |    19 |    39 |    31 |    74 ||   163
       Royal jelly       |       |       |     1 |       ||     1
       Pizza             |       |       |     1 |       ||     1
       Beef jerky        |       |       |       |     2 ||     2

Action                   |  1- 3 |  4- 6 |  7- 9 | 10-12 || total
-------------------------+-------+-------+-------+-------++-------
Melee: War axe           |   130 |   196 |   387 |   191 ||   904
       Battleaxe         |       |       |       |   636 ||   636
 Fire: Blowgun           |       |    11 |    42 |    24 ||    77
Throw: Throwing net      |     1 |       |     5 |     2 ||     8
Invok: Greater Servant o |       |       |       |     5 ||     5
Evoke: Wand              |       |       |     2 |     8 ||    10
  Use: Scroll            |       |     7 |    15 |     9 ||    31
       Potion            |       |     1 |       |     4 ||     5
 Stab: Held in net/web   |       |       |       |     1 ||     1
  Eat: Chunk             |    19 |    39 |    31 |    74 ||   163
       Royal jelly       |       |       |     1 |       ||     1
       Pizza             |       |       |     1 |       ||     1
       Beef jerky        |       |       |       |     2 ||     2
